 Dungeon Crawl Stone Soup version 0.31.0-32-g396128a36d (webtiles) character file.

Game seed: 12424399737883820895

506 mainiacjoe the Shooter (level 7, -7/45 HPs)
             Began as an Octopode Hunter on Mar 30, 2024.
             Was an Initiate of Dithmenos.
             Mangled by a gnoll
             ... wielding a +0 halberd
             ... led by a gnoll bouda
              (16 damage)
             ... on level 4 of the Dungeon.
             The game lasted 00:09:56 (3397 turns).

mainiacjoe the Shooter (Octopode Hunter)            Turns: 3397, Time: 00:09:56

Health: -7/45      AC:  1    Str: 10    XL:     7   Next: 18%
Magic:  7/7        EV: 13    Int: 12    God:    Dithmenos [......]
Gold:   244        SH:  5    Dex: 17    Spells: 6/6 levels left

rFire   + . .        a - +4 shortbow
rCold   . . .        (shield currently unavailable)
rNeg    . . .        (helmet restricted)
rPois   .            k - amulet of reflection
rElec   .            c - ring of protection from fire
rCorr   .            h - ring of see invisible
SInv    +            (no ring)
Will    .....        (no ring)
Stlth   ++++         (no ring)
HPRegen 0.27/turn    (no ring)
MPRegen 0.10/turn    (no ring)
                     (no ring)

%: reflection
@: no status effects
A: almost no armour, amphibious, 8 rings, camouflage 1, gelatinous body 1,
(nimble swimmer 1), tentacles
a: Renounce Religion


You were on level 4 of the Dungeon.
You worshipped Dithmenos.
Dithmenos was noncommittal.
You visited 2 branches of the dungeon, and saw 5 of its levels.

You collected 244 gold pieces.

Inventory:

Hand Weapons
 a - a +4 shortbow (weapon)
 b - a +2 short sword of draining
Missiles
 f - 30 stones
 j - 2 poisoned darts
Jewellery
 c - a ring of protection from fire (left tentacle)
 h - a ring of see invisible (right tentacle)
 k - an amulet of reflection (around mantle)
Scrolls
 d - a scroll of butterflies
 i - 3 scrolls of fear
 m - a scroll of enchant weapon
Potions
 e - 2 potions of mutation
 g - 2 potions of resistance
 l - a potion of attraction
 o - a potion of enlightenment


   Skills:
 - Level 2.0 Fighting
 * Level 7.2 Ranged Weapons
 - Level 2.0 Dodging
 - Level 6.0 Stealth


You had 6 spell levels left.
You didn't know any spells.
Your spell library was empty.

Dungeon Overview and Level Annotations

Branches:
Dungeon (4/15)             Temple (1/1) D:4

Altars:
Cheibriados
Dithmenos
Elyvilon
Gozag
Hepliaklqana
Kikubaaqudgha
Makhleb
Nemelex Xobeh
Okawaru
Qazlal
Ru
Sif Muna
Trog
Uskayaw
Vehumet
Wu Jian
Yredelemnul
Zin
The Shining One


Innate Abilities, Weirdness & Mutations

You cannot wear most types of armour.
You are amphibious.
You can wear up to eight rings at the same time.
Your skin changes colour to match your surroundings (Stealth+).
Your rubbery body absorbs attacks. (AC +1, EV +1)
((You are camouflaged when in or above water. (Stealth+)))
You have tentacles for arms and can constrict up to eight enemies at once.


Message History

The gnoll bouda is moderately wounded.
You shoot an arrow. The arrow hits the gnoll bouda.
The gnoll bouda is moderately wounded.
You shoot an arrow.
The arrow closely misses the gnoll bouda.
The gnoll closely misses you.
You shoot an arrow. The arrow hits the gnoll bouda!
The gnoll bouda is severely wounded.
The gnoll bouda barks out a call to the hunt!
The gnoll picks up the pace!
You block the gnoll's attack.
You shoot an arrow. The arrow hits the gnoll bouda.
The gnoll bouda is almost dead.
The gnoll bouda barely misses you. The gnoll barely misses you.
You shoot an arrow. The arrow hits the gnoll bouda!
You kill the gnoll bouda!
Dithmenos accepts your kill.
The gnoll hits you from afar with a +0 spear!
You shoot an arrow. The arrow hits the gnoll.
The gnoll is heavily wounded.
The gnoll hits you from afar with a +0 halberd.
The gnoll closely misses you.
You shoot an arrow. The arrow hits the gnoll.
The gnoll is heavily wounded.
The gnoll hits you from afar with a +0 halberd!
You block the gnoll's attack.
You are too injured to fight recklessly!
The gnoll attacks as it pursues you!
The gnoll hits you from afar with a +0 halberd!
* * * LOW HITPOINT WARNING * * *
Unknown command.
You block the gnoll's attack.
You are too injured to fight recklessly!
You are too injured to fight recklessly!
You are too injured to fight recklessly!
You are too injured to fight recklessly!
Unknown command.
The gnoll attacks as it pursues you! The gnoll closely misses you.
The gnoll hits you from afar with a +0 halberd!
You die...

... #.### ..#...
##.##...###.g...
####..#........#...
.....##..>..##.....
#.#........#......
#...###...##.##...
#.#...###.#..##...
#.######
#.#.#...#.#.###...
#...<..#
#@#.##......###...
#..###.#
#..gg.)..#....#... #.
#.#####.........#.#...
..
#...........#.##..#...
..
######...............#
## #...)............
#..........#.###.
##........##.# #.
##....#.###.# #.


You could see 2 gnolls.

Vanquished Creatures
  Sigmund (D:3)
  A scorpion (D:4)
  A gnoll bouda (D:4)
  Terence (D:3)
  Jessica (D:2)
  Natasha (thrice) (D:2)
  2 gnolls
  5 adders
  3 dart slugs
  A ribbon worm (D:2)
  7 orcs (D:3)
  4 endoplasms
  2 goblins
  4 hobgoblins
  7 jackals (D:2)
  7 kobolds
  3 quokkas (D:2)
  4 ball pythons
  8 frilled lizards
  5 rats
70 creatures vanquished.

Notes
Turn   | Place    | Note
-------+----------+-------------------------------------------
     0 | D:1      | mainiacjoe the Octopode Hunter began the quest for the Orb.
     0 | D:1      | Reached XP level 1. HP: 14/14 MP: 1/1
   150 | D:1      | Reached XP level 2. HP: 19/19 MP: 2/2
   803 | D:2      | Reached XP level 3. HP: 14/24 MP: 3/3
   865 | D:2      | Noticed Jessica
   874 | D:2      | Killed Jessica
   918 | D:2      | Reached XP level 4. HP: 29/29 MP: 4/4
   957 | D:2      | Reached skill level 5 in Ranged Weapons
  1088 | D:2      | Noticed Natasha
  1096 | D:2      | Killed Natasha
  1270 | D:2      | Reached XP level 5. HP: 34/34 MP: 5/5
  1329 | D:2      | Noticed Natasha
  1337 | D:2      | Killed Natasha
  1629 | D:2      | Noticed Natasha
  1640 | D:2      | Killed Natasha
  2060 | D:3      | Reached skill level 6 in Ranged Weapons
  2099 | D:3      | Found a basalt altar of Yredelemnul.
  2100 | D:3      | Noticed Sigmund
  2110 | D:3      | Noticed Terence
  2534 | D:3      | Killed Terence
  2535 | D:3      | Reached XP level 6. HP: 24/39 MP: 6/6
  2647 | D:3      | Killed Sigmund
  2648 | D:3      | Reached skill level 5 in Stealth
  2703 | D:3      | Found a snail-covered altar of Cheibriados.
  2704 | D:3      | Found a burning altar of Makhleb.
  3070 | D:4      | Found a staircase to the Ecumenical Temple.
  3091 | Temple   | Entered the Ecumenical Temple
  3095 | Temple   | Became a worshipper of Dithmenos the Shadowed
  3147 | D:4      | Reached skill level 7 in Ranged Weapons
  3147 | D:4      | Reached XP level 7. HP: 15/45 MP: 7/7
  3397 | D:4      | Mangled by a gnoll

Illustrated notes

Levels and vault maps discovered:
D:1:      dpeg_arrival_oval, layout_basic
D:2:      layout_loops_cross, serial_bayou, serial_bayou_ford_a,
          serial_bayou_lagoon_b, serial_bayou_shore_b, serial_bayou_pond_e,
          corner_web_ring, nicolae_titane, uniq_jessica, uniq_natasha
D:3:      layout_basic, amcnicky_altar_gilded, nicolae_overflow_squiral,
          uniq_sigmund, uniq_terence
D:4:      layout_loops_cross, minmay_temple_entry_slanted
Temple:   kb_temple_of_zot

Skill      XL: |  1  2  3  4  5  6  7 |
---------------+----------------------+-----
Stealth        | 2 3 4 5 6 |  6.0
Ranged Weapons | 5 6 7 |  7.2
Fighting       | |  2.0
Dodging        | |  2.0

Action                     |  1- 3 |  4- 6 |  7- 9 || total
---------------------------+-------+-------+-------++-------
  Melee: Short sword       |     4 |    24 |       ||    28
         Tentacles         |     1 |     7 |       ||     8
         Constrict         |     1 |     8 |       ||     9
   Fire: Shortbow          |    44 |   134 |    15 ||   193
  Throw: Dart              |       |     2 |       ||     2
    Use: Scroll            |     5 |     7 |       ||    12
 Armour: Skin              |     4 |    27 |     5 ||    36
  Dodge: Dodged            |     5 |    29 |     5 ||    39
  Block: Other             |       |     5 |     3 ||     8
